 Dungeon Crawl Stone Soup version 0.29-a0-322-g68df515428 (webtiles) character file.

Game seed: 18342999438161644846

5049 GigaChad the Slicer (level 10, -1/79 HPs)
             Began as a Demonspawn Chaos Knight on Apr 8, 2022.
             Was a Plaything of Xom.
             Slain by a death yak (20 damage)
             ... on level 10 of the Dungeon.
             The game lasted 00:36:57 (7172 turns).

GigaChad the Slicer (Demonspawn Chaos Knight)       Turns: 7172, Time: 00:36:57

Health: -1/79      AC: 15    Str: 16    XL:     10   Next: 30%
Magic:  10/10      EV:  6    Int: 18    God:    Xom [......]
Gold:   1212       SH:  0    Dex: 22    Spells: 9/9 levels left

rFire   + . .      SeeInvis .   q - +7 rapier of Wiontielu {chaos, Int+3 Dex+4}
rCold   . . .      Faith    .   (no shield)
rNeg    + . .      Spirit   .   k - +1 plate armour
rPois   .          Reflect  .   (helmet restricted)
rElec   +          Harm     .   (no cloak)
rCorr   .          Rampage  .   (no gloves)
Will    .....                   (no boots)
Stlth   ..........              (no amulet)
HPRegen 1.03/turn               D - ring of positive energy
MPRegen 0.12/turn               (no ring)

@: about to teleport
A: horns 2, foul stench 2, spiny 1, beak, clever 1, fire resistance 1,
regeneration 1, shaggy fur 1, electricity resistance, strong 2, MP-powered wands
a: Renounce Religion


You were on level 10 of the Dungeon.
You worshipped Xom.
You were a very special plaything of Xom.
You visited 2 branches of the dungeon, and saw 11 of its levels.

You collected 1302 gold pieces.
You spent 90 gold pieces at shops.

Inventory:

Hand Weapons
 a - a +1 falchion of chaos
 g - a +0 mace of holy wrath
 h - a +1 dagger of speed
 l - a +1 hand axe of electrocution
 n - a +1 flail of holy wrath
 q - the +7 rapier of Wiontielu (weapon) {chaos, Int+3 Dex+4}
   (Xom gifted it to you on level 2 of the Dungeon)

   Each time it hits an enemy it has a different, random effect.
   Int:       It affects your intelligence (+3).
   Dex:       It affects your dexterity (+4).
 t - a +0 war axe
 u - a +0 dagger of protection
 C - a +1 shortbow
 F - a +0 mace of venom
 H - a +0 vampiric spear
 I - a +0 mace of holy wrath
 J - a +0 hand crossbow
 L - a +0 shortbow
 N - a +2 halberd
 O - a +0 battleaxe
 P - a +4 hand axe
 Q - a +0 great sword
 U - a +0 battleaxe
Missiles
 i - 9 poisoned darts
Armour
 b - a +2 leather armour
 e - a +0 scale mail
 k - a +1 plate armour (worn)
 z - the +1 leather armour of Lesser Demons {rElec}
   (You found it on level 6 of the Dungeon)

   rElec:     It insulates you from electricity.
 A - a +0 scale mail of willpower
 M - +0 steam dragon scales
Magical Staves
 B - a staff of air
Jewellery
 D - a ring of positive energy (left hand)
Wands
 s - a wand of paralysis (24)
 v - a wand of acid (15)
 w - a wand of iceblast (10)
Scrolls
 f - a scroll of vulnerability {unknown}
 j - 3 scrolls of teleportation
 m - a scroll of holy word
 p - 2 scrolls of noise
 y - a scroll of magic mapping
 E - a scroll of amnesia
 G - 2 scrolls of immolation
 K - 6 scrolls of identify
Potions
 d - 2 potions of flight
 o - a potion of magic
 r - a potion of lignification {unknown}
 x - a potion of degeneration {unknown}
 S - a potion of berserk rage {unknown}
 T - a potion of heal wounds {unknown}
 V - 2 potions of curing {unknown}
Miscellaneous
 c - a piece from Xom's chessboard (15/15) (quivered)


   Skills:
 + Level 7.1 Fighting
 + Level 9.2(9.6) Short Blades
 + Level 4.2(7.2) Long Blades
 + Level 8.0 Armour
 + Level 1.6 Dodging
 + Level 1.3 Stealth
 + Level 0.1 Evocations


You had 9 spell levels left.
You didn't know any spells.
Your spell library contained the following spells:

 Spells                   Type           Power      Damage    Failure   Level
 Sting                    Tmut/Pois      0%         1d3       100%        1
 Poisonous Vapours        Pois/Air       0%         N/A       100%        2
 Olgreb's Toxic Radiance  Pois           0%         N/A       100%        4


Dungeon Overview and Level Annotations

Branches:
Dungeon (10/15)            Temple (1/1) D:4
   Lair: D:8-11         Orc: D:9-12

Altars:
Ashenzari
Cheibriados
Dithmenos
Gozag
Kikubaaqudgha
Makhleb
Nemelex Xobeh
Qazlal
Xom
Yredelemnul
The Shining One

Shops:
D:3 [   D:5 [[?   D:7 (


Innate Abilities, Weirdness & Mutations

You have a pair of horns on your head.
You sometimes emit foul miasma when damaged in melee.
You are partially covered in sharp spines.
You have a beak for a mouth.
Your mind is acute. (Int +2)
Your flesh is heat resistant. (rF+)
Your natural rate of healing is unusually fast.
You are covered in fur. (AC +1)
You are resistant to electric shocks. (rElec)
Your muscles are very strong. (Str +4)
You expend magic power (3 MP) to strengthen your wands.


Message History

You swap places with the death yak.
The death yak looks rather confused.
Something hits you.
The death yak bellows!
Something hits you but does no damage. The death yak gores you!
Something hits you but does no damage.
You see here a +0 dagger.
You hit the death yak but do no damage.
The death yak is poisoned.
The death yak gores you!
* * * LOW HITPOINT WARNING * * *
Something hits you but does no damage.
You puncture the death yak! You freeze the death yak.
Your headbutt misses the death yak.
You peck the death yak, but do no damage.
The death yak is lightly wounded.
Something hits you.
* * * LOW HITPOINT WARNING * * *
The death yak gores you.
* * * LOW HITPOINT WARNING * * *
You hit the death yak.
The death yak appears confused.
You headbutt the death yak, but do no damage.
You peck the death yak, but do no damage.
The death yak is moderately wounded.
You hear some strange, mumbled words.
A puff of flame appears from out of thin air!
The puff of flame hits you but does no damage.
Something hits you but does no damage.
You barely miss something. Your headbutt misses something. You peck something.
You puncture something! You freeze something.
Reactivating autopickup.
You feel a bit more experienced.
Things that are here:
a +0 spear; a +0 robe
As you read the scroll of teleportation, it crumbles to dust.
You feel strangely unstable.
The death yak seems less confused.
Things that are here:
a +0 spear; a +0 robe The death yak gores you!!
You die...
Xom roars with laughter!

.......#######
.............#
.......#####.# ## #
.).....#####.# .. . #
.......##....# .#.#.
#########.#### .#..
#.#. ..#####
#####.#.######......#
#....T#..†Y.@)#
#.#.#.#.#####Y#
#.#.).### #..)#
#...g...# #.###
#######.# #...#
#####.#####.#
#..Y.Y).....#
#.########### #.#


You could see 2 death yaks.

Vanquished Creatures
  A death yak (D:10)
  An unseen horror (D:7)
  Grinder (D:5)
  5 yaks (D:9)
  A steam dragon (D:7)
  Edmund (D:5)
  A water moccasin (D:7)
  An ice beast (D:6)
  3 sky beasts
  2 centaurs
  A tengu (D:9)
  3 phantoms
  3 necrophages
  A bullfrog (D:7)
  A scorpion (D:6)
  A wight (D:7)
  9 killer bees
  4 howler monkeys
  3 hounds
  2 jellies
  6 orc priests
  Ijyb (D:4)
  Natasha (thrice) (D:4)
  3 iguanas
  6 orc wizards
  8 gnolls
  11 adders
  A shadow imp (D:5)
  A white imp (D:7)
  2 ufetubi (D:6)
  3 worms
  2 dart slugs
  40 orcs
  3 endoplasms
  2 giant cockroaches
  6 goblins
  6 hobgoblins
  2 kobolds
  3 quokkas
  5 ball pythons
  4 bats
  5 frilled lizards (D:1)
  4 rats
172 creatures vanquished.

Vanquished Creatures (collateral kills)
  A necrophage (D:7)
  4 wights (D:7)
  An orc (D:10)
6 creatures vanquished.

Vanquished Creatures (others)
  3 fungi (D:8)
  4 plants
7 creatures vanquished.

Grand Total: 185 creatures vanquished

Notes
Turn   | Place    | Note
-------+----------+-------------------------------------------
     0 | D:1      | GigaChad the Demonspawn Chaos Knight began the quest for
                  | the Orb.
     0 | D:1      | Reached XP level 1. HP: 18/18 MP: 1/1
   201 | D:1      | XOM: silly message
   205 | D:1      | Gained mutation: You are partially covered in sharp spines.
                  | [demonic ancestry]
   205 | D:1      | Reached XP level 2. HP: 20/24 MP: 2/2
   690 | D:1      | XOM: cloud trail
   735 | D:2      | XOM: enchant monster (bad)
   784 | D:2      | Reached XP level 3. HP: 23/29 MP: 3/3
   784 | D:2      | XOM: god gift: scroll of holy word
  1025 | D:2      | XOM: noise
  1194 | D:2      | Gained mutation: You may rarely emit foul miasma when
                  | damaged in melee. [demonic ancestry]
  1194 | D:2      | Reached XP level 4. HP: 21/35 MP: 4/4
  1464 | D:2      | XOM: summons friendly quasit
  1636 | D:2      | XOM: god gift: bloodstained rapier {god gift}
  1636 | D:2      | Identified the +7 rapier of Wiontielu {chaos, Int+3 Dex+4}
                  | (Xom gifted it to you on level 2 of the Dungeon)
  1707 | D:2      | XOM: scenery: summon butterflies
  1835 | D:3      | XOM: potion effect (invisibility)
  1840 | D:3      | Reached skill level 1 in Dodging
  1843 | D:3      | Reached XP level 5. HP: 38/42 MP: 5/5
  2148 | D:3      | Found Sevajoargh's Antique Armour Emporium.
  2271 | D:3      | Found a stormy altar of Qazlal.
  2308 | D:3      | Found a snail-covered altar of Cheibriados.
  2356 | D:3      | XOM: 3-stop teleportation journey
  2431 | D:3      | XOM: give mutations
  2431 | D:3      | Gained mutation: Your muscles are strong. (Str +2) [Xom's
                  | grace]
  2431 | D:3      | Gained mutation: You expend magic power (3 MP) to
                  | strengthen your wands. [Xom's grace]
  2431 | D:3      | Gained mutation: Your muscles are very strong. (Str +4)
                  | [Xom's grace]
  2598 | D:4      | Found a sparkling altar of Nemelex Xobeh.
  2631 | D:4      | Found an opulent altar of Gozag.
  2664 | D:4      | Reached skill level 1 in Short Blades
  2678 | D:4      | Noticed Natasha
  2686 | D:4      | Killed Natasha
  2687 | D:4      | Reached XP level 6. HP: 48/48 MP: 6/6
  2726 | D:4      | Reached skill level 1 in Stealth
  2768 | D:4      | XOM: give mutations
  2768 | D:4      | Gained mutation: You have a beak for a mouth. [Xom's grace]
  2768 | D:4      | Gained mutation: You have an increased reservoir of magic.
                  | (+10% MP) [Xom's grace]
  2768 | D:4      | Gained mutation: Your mind is acute. (Int +2) [Xom's grace]
  2768 | D:4      | Gained mutation: Your flesh is heat resistant. (rF+) [Xom's
                  | grace]
  2908 | D:4      | Noticed Ijyb
  2917 | D:4      | Killed Ijyb
  2918 | D:4      | Reached skill level 2 in Short Blades
  2922 | D:4      | Found a staircase to the Ecumenical Temple.
  2929 | Temple   | Entered the Ecumenical Temple
  3071 | D:4      | XOM: give mutations
  3071 | D:4      | Gained mutation: Your natural rate of healing is unusually
                  | fast. [Xom's grace]
  3071 | D:4      | Gained mutation: You are covered in fur. (AC +1) [Xom's
                  | grace]
  3110 | D:4      | XOM: confuse monster(s)
  3174 | D:4      | Noticed Natasha
  3180 | D:4      | Killed Natasha
  3203 | D:4      | Reached skill level 3 in Short Blades
  3203 | D:4      | Gained mutation: You sometimes emit foul miasma when
                  | damaged in melee. [demonic ancestry]
  3203 | D:4      | Reached XP level 7. HP: 53/54 MP: 7/7
  3323 | D:4      | XOM: scenery: 1 doors close
  3336 | D:4      | Noticed Natasha
  3341 | D:4      | Killed Natasha
  3359 | D:4      | XOM: smoke on damage
  3375 | D:4      | XOM: divination: magic mapping
  3582 | D:5      | Entered Level 5 of the Dungeon
  3600 | D:5      | Noticed Edmund
  3607 | D:5      | Killed Edmund
  3611 | D:5      | Reached skill level 4 in Short Blades
  3689 | D:5      | Found Houjasim's Antique Armour Shop.
  3705 | D:5      | XOM: 8-stop teleportation journey
  3714 | D:5      | Found Jalazi's Armour Emporium.
  3735 | D:5      | XOM: cloud trail
  3851 | D:5      | Noticed Grinder
  3861 | D:5      | Killed Grinder
  3862 | D:5      | Reached skill level 5 in Short Blades
  3862 | D:5      | Gained mutation: You have a pair of small horns on your
                  | head. [demonic ancestry]
  3862 | D:5      | Reached XP level 8. HP: 33/61 MP: 8/8
  4028 | D:5      | Reached skill level 5 in Armour
  4069 | D:5      | Found Osujan's Magic Scroll Shop.
  4084 | D:5      | Bought a scroll of enchant weapon for 90 gold pieces
  4330 | D:6      | XOM: enchant monster (good)
  4354 | D:6      | XOM: summons friendly ufetubus
  4428 | D:6      | XOM: silly message
  4431 | D:6      | Reached skill level 5 in Fighting
  4431 | D:6      | Reached skill level 6 in Short Blades
  4457 | D:6      | XOM: silly message
  4544 | D:6      | Identified the +1 leather armour of Lesser Demons {rElec}
  4806 | D:6      | Reached skill level 7 in Short Blades
  4806 | D:6      | Reached XP level 9. HP: 57/68 MP: 5/9
  4998 | D:7      | XOM: divination: detect creatures
  5014 | D:7      | Killed an unseen horror
  5052 | D:7      | XOM: 1-stop teleportation journey
  5061 | D:7      | XOM: potion effect (curing)
  5076 | D:7      | Found an ancient bone altar of Kikubaaqudgha.
  5314 | D:7      | Reached skill level 8 in Short Blades
  5419 | D:7      | XOM: noise
  5422 | D:7      | XOM: 2-stop teleportation journey
  5669 | D:7      | XOM: cloud trail
  5757 | D:7      | Found Heppoaca's Weapon Shop.
  6134 | D:9      | XOM: god gift: 1011 gold pieces
  6284 | D:9      | XOM: cast spell 'Leda's Liquefaction'
  6306 | D:9      | Gained mutation: You have a pair of horns on your head.
                  | [demonic ancestry]
  6306 | D:9      | Reached XP level 10. HP: 22/77 MP: 11/11
  6561 | D:9      | Lost mutation: You have an increased reservoir of magic.
                  | (+10% MP) [potion of mutation]
  6561 | D:9      | Lost mutation: You expend magic power (3 MP) to strengthen
                  | your wands. [potion of mutation]
  6561 | D:9      | Gained mutation: You are resistant to electric shocks.
                  | (rElec) [potion of mutation]
  6561 | D:9      | Gained mutation: You expend magic power (3 MP) to
                  | strengthen your wands. [potion of mutation]
  6915 | D:9      | XOM: polymorph acid dragon -> tengu
  6921 | D:9      | Reached skill level 9 in Short Blades
  7047 | D:10     | Entered Level 10 of the Dungeon
  7119 | D:10     | Noticed a death yak
  7119 | D:10     | Noticed a death yak
  7121 | D:10     | Noticed a death yak
  7158 | D:10     | Killed a death yak
  7160 | D:10     | XOM: swap monsters
  7172 | D:10     | Slain by a death yak

Illustrated notes

Levels and vault maps discovered:
D:1:      tarquinn_simple_flora_water_f, layout_loops_cross
D:2:      layout_basic, nicolae_figureground_sparkle
D:3:      minmay_diamond_boxcup, layout_basic, mainiacjoe_overflow_alcove_2,
          nicolae_qazlal_general_emergency, serial_shops, shop_fountains,
          hangedman_abyss_or_decor_lesser_grid, minmay_quantized
D:4:      layout_cave_pods, lemuel_doored_altar, lemuel_crystal_altar,
          minmay_temple_entry_nine_rooms, uniq_ijyb, uniq_natasha
D:5:      layout_loops_ring, serial_shops, nicolae_lakefront_shop,
          nicolae_stop_n_shop_2, shop, shop, cheibrodos_sewer_entry_bend,
          minmay_misc_feat_plants, hangedman_decor_opposing, uniq_grinder,
          uniq_edmund
D:6:      layout_loops_cross
D:7:      layout_basic, mainiacjoe_overflow_cross_hatched, serial_shops,
          nicolae_shop_behind_doors
D:8:      layout_loops_ring, okawaru_trees_1, fedhas_altar_3, minitemple,
          lemuel_crystal_altar, onia_ninara_dug_in_and_dangerous
D:9:      layout_layer_cave, nicolae_ru_sacrificial_ziggurat, serial_rivers,
          chequers_serial_rivers_small_b, chequers_serial_rivers_marsh,
          chequers_serial_rivers_room_a, chequers_serial_rivers_large_b,
          chequers_serial_rivers_room_b, chequers_serial_rivers_micro_a,
          enter_bailey_6
D:10:     layout_basic, dpeg_lair_monsters, orc_0_dummy
Temple:   nicolae_temple_figure_zero

Skill      XL: |  1  2  3  4  5  6  7  8  9 10 |
---------------+-------------------------------+-----
Long Blades    | 3 4 |  4.2
Armour         | 2 3 4 5 7 8 |  8.0
Dodging        | 1 |  1.6
Short Blades   | 1 3 5 7 8 9 |  9.2
Stealth        | 1 |  1.3
Fighting       | 4 5 6 7 |  7.1
Evocations     | |  0.1

Action                   |  1- 3 |  4- 6 |  7- 9 | 10-12 || total
-------------------------+-------+-------+-------+-------++-------
Melee: Falchion          |    65 |     9 |       |       ||    74
       Punch             |     1 |     1 |     3 |       ||     5
       Rapier            |       |    64 |   176 |    21 ||   261
       Peck              |       |       |    30 |     5 ||    35
       Headbutt          |       |       |    26 |     5 ||    31
Evoke: Wand              |       |       |     1 |       ||     1
  Use: Scroll            |     4 |     4 |     5 |     4 ||    17
       Potion            |       |       |       |     1 ||     1
 Stab: Paralysed         |     1 |       |       |       ||     1
       Invisible         |       |     2 |       |       ||     2
Armor: Scale mail        |    10 |       |       |       ||    10
       Leather armour    |     2 |       |       |       ||     2
       Plate armour      |    38 |    56 |   134 |    16 ||   244
Dodge: Dodged            |    16 |    20 |    30 |     4 ||    70

Table legend: (Time is in decaauts)
 A = Elapsed time spent in this place.
 B = Non-inter-level travel time spent in this place.
 C = Inter-level travel time spent in this place.
 D = Time resting spent in this place.
 E = Time spent auto-exploring this place.
 F = Levels seen in this place.
 G = Mean time per level.
                   A        B        C        D        E       F      G
               +--------+--------+--------+--------+--------+-----+--------+
         Total |   7185 |   7098 |     87 |    559 |   1826 |  11 |  653.2 |
       Dungeon |   7058 |   6984 |     74 |    559 |   1721 |  10 |  705.8 |
        Temple |    126 |    113 |     13 |      0 |    105 |   1 |  126.0 |
               +--------+--------+--------+--------+--------+-----+--------+

Top non-repeatable levels by time:
     D:2: 1067 daAuts
     D:9: 995 daAuts
     D:4: 858 daAuts
     D:7: 843 daAuts
     D:3: 838 daAuts
     D:5: 748 daAuts
     D:1: 706 daAuts
     D:6: 652 daAuts
     D:8: 226 daAuts
  Temple: 126 daAuts
    D:10: 122 daAuts
